 Dungeon Crawl Stone Soup version 0.31-a0-198-g2ad674f65e (webtiles) character file.

Game seed: 10755471766388259362

67 qw the Shooter (level 3, -2/20 HPs)
             Began as a Deep Elf Hunter on June 25, 2023.
             Slain by Jessica
             ... wielding a +0 club
              (4 damage)
             ... on level 2 of the Dungeon.
             The game lasted 00:00:33 (954 turns).

qw the Shooter (Deep Elf Hunter)                     Turns: 954, Time: 00:00:34

Health: -2/20      AC:  5    Str: 10    XL:     3   Next: 98%
Magic:  5/5        EV: 11    Int: 13    God:
Gold:   69         SH:  0    Dex: 18    Spells: 2/2 levels left

rFire   . . .        Y - +0 shortbow
rCold   . . .        (shield currently unavailable)
rNeg    . . .        h - +0 ring mail
rPois   .            (no helmet)
rElec   .            (no cloak)
rCorr   .            (no gloves)
SInv    .            (no boots)
Will    .....        k - amulet of faith
Stlth   +            (no ring)
HPRegen 0.23/turn    (no ring)
MPRegen 0.09/turn

%: faith
@: slowed, very slow
A: no striking features
a: no special abilities


You were on level 2 of the Dungeon.
You visited 1 branch of the dungeon, and saw 2 of its levels.

You collected 69 gold pieces.


   Skills:
 - Level 1.5 Fighting
 + Level 7.4 Ranged Weapons
 - Level 2.4 Dodging
 - Level 1.2 Stealth


You had 2 spell levels left.
You didn't know any spells.
Your spell library was empty.

Inventory:

Hand Weapons
 Y - a +0 shortbow (weapon)
Armour
 h - a +0 ring mail (worn)
Jewellery
 k - an amulet of faith (around neck)
Scrolls
 a - 3 scrolls of identify
 c - a scroll of immolation {unknown}
 d - a scroll of silence {unknown}
 e - a scroll of poison {unknown}
Potions
 b - a potion of might {unknown}
 f - a potion of attraction {unknown}
 i - 2 potions of curing {unknown}
 j - a potion of haste {unknown}

Dungeon Overview and Level Annotations

Branches:
Dungeon (2/15)

Altars:
Ashenzari

Shops:
D:1 =[[?

Annotations:
D:2 Jessica


Message History

Enter note:
Enter note:
Enter note:
Enter note:
Enter note:
Enter note:
Enter note:
936 ||| FLEEEEING.
937 ||| FLEEEEING.
938 ||| FLEEEEING.
939 ||| FLEEEEING.
940 ||| FLEEEEING.
941 ||| STILL FLEEEEING.
942 ||| FLEEEEING.
943 ||| FLEEEEING.
944 ||| FLEEEEING.
945 ||| FLEEEEING.
946 ||| FLEEEEING.
947 ||| FLEEEEING.
948 ||| FLEEEEING.
949 ||| FLEEEEING.
Jessica points at you and mumbles some strange words.
You feel yourself slow down.
You shoot an arrow. The arrow closely misses Jessica.
Jessica gestures wildly.
You shoot an arrow.
The arrow hits Jessica but does no damage.
Jessica is moderately wounded.
A bat comes into view.
Jessica gestures at you while chanting. Pain shoots through your body!
You shoot an arrow. The arrow closely misses Jessica.
You shoot an arrow. The arrow closely misses the bat.
The bat closely misses you. Jessica gestures at you while chanting.
Pain shoots through your body!
You shoot an arrow. The arrow closely misses the bat.
The bat barely misses you. The bat hits you but does no damage.
Jessica hits you with a +0 club.
You die...

##...## ##### ##.....## #....
##########.......## ########.<..
................... ...%........
##########.......## ##...###....
<# ##.....## #..#.##..... .#
#######..)....###...##.#.>##.# .#
......#...........###....###!. .#
.............@#####....######. ..
..[..........b@g..........# . ..
..............##....#####.###.
......#...>......#..#..#### ....
...(...............###....#####..
###...........####..##..##....
#................####.##....
#.#..............## #..#....
..#...............####......


You could see Jessica, a hobgoblin and a bat.

Vanquished Creatures
  3 adders (D:2)
  A worm (D:2)
  3 bats (D:1)
  4 endoplasms
  5 goblins
  2 hobgoblins (D:1)
  A quokka (D:1)
  5 ball pythons
  2 frilled lizards (D:2)
  7 kobolds
  2 rats
  A spectral goblin (D:1)
36 creatures vanquished.

Notes
Turn   | Place    | Note
-------+----------+-------------------------------------------
     0 | D:1      | qw the Deep Elf Hunter began the quest for the Orb.
     0 | D:1      | Reached XP level 1. HP: 12/12 MP: 3/3
     0 | D:1      | 0 ||| qw: Version: 0.3-a-22-g0ed2b0b
     0 | D:1      | 0 ||| qw: Game counter: 5185
     0 | D:1      | 0 ||| qw: Melee chars always use a shield: true
     0 | D:1      | 0 ||| qw: God list: Okawaru
     0 | D:1      | 0 ||| qw: Allow faded altars: false
     0 | D:1      | 0 ||| qw: Do Orc after clearing Dungeon:15 true
     0 | D:1      | 0 ||| qw: Do second Lair branch before Depths: true
     0 | D:1      | 0 ||| qw: Lair rune preference: random
     0 | D:1      | 0 ||| qw: Goals: Normal
     0 | D:1      | 0 ||| PLANNING D:1-11
   107 | D:1      | Found Diamal Meysch's Antique Armour Shoppe.
   115 | D:1      | 115 ||| SHOPLISTING dyed leather armour (165 gold, have 0).
   115 | D:1      | 115 ||| SHOPLISTING glowing robe (122 gold, have 0).
   115 | D:1      | 115 ||| SHOPLISTING ring mail (132 gold, have 0).
   115 | D:1      | 115 ||| SHOPLISTING scale mail (132 gold, have 0).
   197 | D:1      | Found a faded altar of an unknown god.
   216 | D:1      | Reached XP level 2. HP: 16/16 MP: 4/4
   220 | D:1      | Reached skill level 6 in Ranged Weapons
   317 | D:1      | Found Towninuo's Magic Scroll Shop.
   322 | D:1      | 322 ||| SHOPLISTING scroll of identify (26 gold, have 12).
   322 | D:1      | 322 ||| SHOPLISTING scroll of teleportation (39 gold, have
                  | 12).
   391 | D:1      | Found Femor's Jewellery Shop.
   400 | D:1      | Found Bojygerch's Antique Armour Emporium.
   404 | D:1      | 404 ||| SHOPLISTING +4 ring of slaying (780 gold, have 12).
   404 | D:1      | 404 ||| SHOPLISTING +5 ring of evasion (360 gold, have 12).
   404 | D:1      | 404 ||| SHOPLISTING amulet of faith (400 gold, have 12).
   404 | D:1      | 404 ||| SHOPLISTING amulet of reflection (300 gold, have
                  | 12).
   404 | D:1      | 404 ||| SHOPLISTING ring of poison resistance (200 gold,
                  | have 12).
   404 | D:1      | 404 ||| SHOPLISTING ring of resist corrosion (200 gold,
                  | have 12).
   411 | D:1      | 411 ||| SHOPLISTING distressingly furry robe (85 gold, have
                  | 12).
   411 | D:1      | 411 ||| SHOPLISTING faintly glowing helmet (142 gold, have
                  | 12).
   411 | D:1      | 411 ||| SHOPLISTING heavy robe (85 gold, have 12).
   411 | D:1      | 411 ||| SHOPLISTING pair of boots (67 gold, have 12).
   625 | D:1      | 625 ||| UPGRADING to +0 ring mail.
   635 | D:1      | 635 ||| DROPPING +0 leather armour.
   636 | D:1      | 636 ||| UPGRADING to amulet of faith.
   641 | D:1      | 641 ||| READING scroll labelled HUGAEL HIGAM.
   642 | D:1      | 642 ||| READING scroll labelled MERUYS CUTE.
   643 | D:1      | 643 ||| DRINKING 2 golden potions.
   644 | D:1      | 644 ||| DROPPING scroll of butterflies.
   645 | D:1      | 645 ||| DROPPING potion of brilliance.
   738 | D:2      | Reached XP level 3. HP: 20/20 MP: 5/5
   784 | D:2      | Reached skill level 7 in Ranged Weapons
   869 | D:2      | Found a broken altar of Ashenzari.
   933 | D:2      | Noticed Jessica
   935 | D:2      | 935 ||| FLEEEEING.
   936 | D:2      | 936 ||| FLEEEEING.
   937 | D:2      | 937 ||| FLEEEEING.
   938 | D:2      | 938 ||| FLEEEEING.
   939 | D:2      | 939 ||| FLEEEEING.
   940 | D:2      | 940 ||| FLEEEEING.
   942 | D:2      | 942 ||| FLEEEEING.
   943 | D:2      | 943 ||| FLEEEEING.
   944 | D:2      | 944 ||| FLEEEEING.
   945 | D:2      | 945 ||| FLEEEEING.
   946 | D:2      | 946 ||| FLEEEEING.
   947 | D:2      | 947 ||| FLEEEEING.
   948 | D:2      | 948 ||| FLEEEEING.
   949 | D:2      | 949 ||| FLEEEEING.
   953 | D:2      | HP: 2/20 [Jessica/nerve-wracking pain (8)]
   954 | D:2      | Slain by Jessica

Levels and vault maps discovered:
D:1:      dpeg_arrival_pits, layout_loops_ring, serial_shops, shop, shop, shop,
          shop, dreamdust_ecumenical_altar_drowned_temple
D:2:      layout_rooms, basic_altar, minmay_heptomino_w4, uniq_jessica

Skill      XL: |  1  2  3 |
---------------+----------+-----
Ranged Weapons | 6 7 |  7.4
Fighting       | |  1.5
Dodging        | |  2.4
Stealth        | |  1.2

Action                     || total
---------------------------++-------
   Fire: Shortbow          ||   116
    Use: Scroll            ||     2
         Potion            ||     1
 Armour: Leather armour    ||     4
         Ring mail         ||     3
  Dodge: Dodged            ||    20

Table legend:
 A = Non-vault XP
 B = Vault XP
 C = Vault XP percentage of total XP
 D = Non-vault monster count
 E = Vault monster count
 F = Vault count percentage of total count
                 A         B        C        D         E       F
            +---------+---------+-------+---------+---------+-------
      Total |      77 |      19 |  19.8 |      31 |       5 |  13.9
            +---------+---------+-------+---------+---------+-------
        D:1 |      25 |       1 |   3.8 |      16 |       1 |   5.9
        D:2 |      52 |      18 |  25.7 |      15 |       4 |  21.1
            +---------+---------+-------+---------+---------+-------
